 Dungeon Crawl Stone Soup version 0.19.5 (webtiles) character file.

236 tidbits the Skirmisher (level 5, -2/39 HPs)
             Began as a High Elf Wanderer on Aug 8, 2017.
             Slain by a gnoll
             ... wielding a +0 halberd
              (5 damage)
             ... on level 4 of the Dungeon.
             The game lasted 00:12:42 (1784 turns).

tidbits the Skirmisher (High Elf Wanderer)          Turns: 1784, Time: 00:12:43

Health: -2/39      AC:  8    Str: 12    XL:     5   Next: 77%
Magic:  6/6        EV: 11    Int: 14    God:
Gold:   103        SH:  0    Dex: 16    Spells: 0 memorised, 4 levels left

rFire  . . .     SeeInvis .     a - +0 hand axe
rCold  . . .     Gourm    .     k - +2 scale mail
rNeg   . . .     Faith    .     (no shield)
rPois  .         Spirit   .     (no helmet)
rElec  .         Reflect  .     (no cloak)
rCorr  .         Harm     .     (no gloves)
MR     .....                    (no boots)
Stlth  ..........               (no amulet)
                                (no ring)
                                (no ring)

@: no status effects
A: no striking features
a: no special abilities


You were on level 4 of the Dungeon.
You were hungry.

You visited 1 branch of the dungeon, and saw 5 of its levels.

You collected 103 gold pieces.

Inventory:

Hand Weapons
 a - a +0 hand axe (weapon)
 b - a +0 hunting sling
   (You found it on level 1 of the Dungeon)
 e - a +0 spear
   (You found it on level 1 of the Dungeon)
 g - a +0 whip
   (You found it on level 1 of the Dungeon)
 m - a +0 dagger
   (You took it off a kobold on level 1 of the Dungeon)
 r - a +0 flail
   (You took it off a gnoll on level 4 of the Dungeon)
 u - a +0 morningstar
   (You found it on level 2 of the Dungeon)
Missiles
 h - 18 poisoned needles
 l - 62 stones (quivered)
 n - 18 sling bullets
 t - 64 arrows
Armour
 k - a +2 scale mail (worn)
Wands
 i - a wand of flame (17/48)
   (You took it off Jessica on level 2 of the Dungeon)
Scrolls
 c - a scroll of teleportation
 o - a scroll of fog {unknown}
 q - 2 scrolls of noise
 s - a scroll of remove curse {unknown}
Potions
 j - a potion of flight
Comestibles
 d - 3 bread rations
 f - 2 meat rations
 p - a chunk of flesh


   Skills:
 - Level 5.2 Fighting
 - Level 1.0 Axes
 - Level 2.6 Armour
 + Level 5.0 Dodging
 - Level 1.1 Stealth
   Level 1.0 Shields


You had 4 spell levels left.
You didn't know any spells.

Dungeon Overview and Level Annotations

Branches:
Dungeon (5/15)
 Temple: D:4-7

Altars:

Annotations:
D:2 exclusion: downstairs
D:3 p0werm0de's ghost, amateur HECK


Message History

The worker ant is severely wounded.
This wand has 18 charges left.
You feel sick. The worker ant barely misses you. The worker ant bites you.
* * * LOW HITPOINT WARNING * * *
Evoke which item? (* to show all) (? for menu, Esc to quit)
Zapping:
i - a wand of flame (18/48)
Press: ? - help, Shift-Dir - straight line, f/p - gnoll
Aim: a gnoll, wielding a flail (moderately wounded)
The puff of flame hits the worker ant.
You kill the worker ant!
This wand has 17 charges left.
You feel sick.
You feel sick.
You hit the gnoll.
The gnoll is heavily wounded.
The gnoll completely misses you.
You hit the gnoll.
The gnoll is almost dead.
You feel sick.
You are no longer poisoned.
The gnoll closely misses you.
You hit the gnoll but do no damage.
The gnoll is almost dead.
The gnoll hits you with a flail.
* * * LOW HITPOINT WARNING * * *
Your scale mail prevents you from hitting the gnoll.
The gnoll is almost dead.
The gnoll closely misses you.
You hit the gnoll.
You kill the gnoll!
Your Dodging skill increases to level 5!
You see here a flail.
r - a flail
There is an open door here.
You open the door.
Found a stone staircase leading down.
There is an open door here.
There is a stone staircase leading down here.
You climb downwards.
Found 6 gold pieces.
There is a stone staircase leading up here.
You now have 89 gold pieces (gained 6).
There is a stone staircase leading up here.
You climb upwards.
There is a stone staircase leading down here.
Found a bread ration.
Found 17 arrows.
d - 3 bread rations (gained 1)
t - 64 arrows (gained 17) As you open the door, it creaks loudly!
Found 14 gold pieces.
There is an open door here.
You now have 103 gold pieces (gained 14).
A gnoll comes into view. It is wielding a halberd.
The gnoll shouts!
There is an open door here.
A gnoll comes into view. It is wielding a whip.
The gnoll closely misses you.
You hit the gnoll.
The gnoll is lightly wounded.
The gnoll hits you with a halberd.
* * * LOW HITPOINT WARNING * * *
You closely miss the gnoll.
The gnoll is lightly wounded.
The gnoll closely misses you.
You hit the gnoll but do no damage.
The gnoll is lightly wounded.
The gnoll barely misses you.
You hit the gnoll but do no damage.
The gnoll is lightly wounded.
You are feeling hungry.
The gnoll closely misses you.
You hit the gnoll.
The gnoll is lightly wounded.
The gnoll barely misses you.
You completely miss the gnoll.
The gnoll is lightly wounded.
The gnoll hits you but does no damage.
You hit the gnoll.
The gnoll is moderately wounded.
The gnoll hits you but does no damage.
You hit the gnoll.
The gnoll is moderately wounded.
The gnoll barely misses you.
You hit the gnoll but do no damage.
The gnoll is moderately wounded.
The gnoll barely misses you.
You hit the gnoll.
The gnoll is moderately wounded.
The gnoll hits you with a halberd.
* * * LOW HITPOINT WARNING * * *
You hit the gnoll but do no damage.
The gnoll is moderately wounded.
The gnoll hits you but does no damage.
You hit the gnoll.
The gnoll is heavily wounded.
The gnoll hits you with a halberd!
* * * LOW HITPOINT WARNING * * *
The gnoll hits you with a halberd.
You die...

#......#........#................
#.....##........#................
#..... #........#................
#>.... #...##...#................
#.....##...##...############.....
#..........................#.....
#..........................'.....
##g#####...................#.....
.......#.......g@..........#.....
.......'...................#.....
.......##+##################.....
....... ................. .......
................. #######
.........<.......
.................
.................
########+######..


You could see a gnoll.

Vanquished Creatures
  A centaur skeleton (D:4)
  Jessica (D:2)
  Natasha (D:3)
  A worker ant (D:4)
  2 gnolls
  5 adders
  An ooze (D:2)
  3 worms (D:2)
  A dart slug (D:3)
  A leopard gecko (D:2)
  2 giant cockroaches
  6 goblins
  7 hobgoblins
  4 jackals (D:1)
  6 kobolds
  A quokka (D:2)
  6 bats
  3 frilled lizards
  7 rats
59 creatures vanquished.

Notes
Turn   | Place    | Note
-------+----------+-------------------------------------------
     0 | D:1      | tidbits the High Elf Wanderer began the quest for the Orb.
     0 | D:1      | tidbits set off with: a +2 scale mail, a +0 hand axe, a scroll of teleportation, a bread ration
     0 | D:1      | Reached XP level 1. HP: 17/17 MP: 2/2
    64 | D:1      | Reached skill level 1 in Dodging
   173 | D:2      | Reached XP level 2. HP: 11/22 MP: 3/3
   177 | D:2      | Reached skill level 2 in Dodging
   190 | D:2      | Noticed Jessica
   648 | D:2      | Reached XP level 3. HP: 22/27 MP: 4/4
   658 | D:3      | Noticed p0werm0de's ghost (amateur HECK)
   752 | D:2      | Reached skill level 3 in Dodging
   889 | D:2      | Killed Jessica
   889 | D:2      | Reached skill level 4 in Dodging
   889 | D:2      | Reached XP level 4. HP: 15/33 MP: 5/5
  1009 | D:3      | Noticed Natasha
  1142 | D:2      | Reached XP level 5. HP: 10/38 MP: 6/6
  1354 | D:3      | Killed Natasha
  1354 | D:3      | Reached skill level 5 in Fighting
  1675 | D:4      | Reached skill level 5 in Dodging
  1703 | D:5      | Entered Level 5 of the Dungeon
  1784 | D:4      | HP: 3/39 [gnoll/halberd (10)]
  1784 | D:4      | Slain by a gnoll

Skill      XL: |  1  2  3  4  5 |
---------------+----------------+-----
Dodging        | 1 2 4 5 |  5.0
Fighting       | 5 |  5.2
Axes           | |  1.0
Armour         | |  2.6
Stealth        | |  1.1
Shields        | |  1.0

Action                   |  1- 3 |  4- 6 || total
-------------------------+-------+-------++-------
Melee: Hand axe          |   130 |   154 ||   284
Evoke: Wand              |       |    16 ||    16
  Use: Potion            |     1 |     3 ||     4
       Scroll            |       |     3 ||     3
  Eat: Chunk             |       |     3 ||     3
Armor: Scale mail        |    68 |    83 ||   151
Dodge: Dodged            |    63 |   101 ||   164

Table legend:
 A = Turns spent in this place as a percentage of turns spent in the entire game.
 B = Non-inter-level travel turns spent in this place as a percentage of non-inter-level travel turns spent in the entire game.
 C = Inter-level travel turns spent in this place as a percentage of turns spent in this place.
 D = Turns resting spent in this place as a percentage of non-inter-level travel turns spent in this place.
 E = Turns spent auto-exploring this place as a percentage of non-inter-level travel turns spent in this place.
 F = Non-inter-level travel turns spent in this place divided by the number of levels of this place that you've seen.
                   A       B       C       D       E      F
               +-------+-------+-------+-------+-------+----------------------
         Total | 100.0 | 100.0 |   0.1 |   0.0 |   0.0 | 325.6
       Dungeon | 100.0 | 100.0 |   0.1 |   0.0 |   0.0 | 325.6
               +-------+-------+-------+-------+-------+----------------------

Table legend:
 A = Kills in this place as a percentage of kills in entire the game.
 B = Kills by you in this place as a percentage of kills by you in the entire game.
 C = Kills by friends in this place as a percentage of kills by friends in the entire game.
 D = Other kills in this place as a percentage of other kills in the entire game.
 E = Experience gained in this place as a percentage of experience gained in the entire game.
 F = Experience gained in this place divided by the number of levels of this place that you have seen.
                   A       B       C       D       E      F
               +-------+-------+-------+-------+-------+----------------------
         Total | 100.0 | 100.0 |  -nan |  -nan | 100.0 |  67.6
       Dungeon | 100.0 | 100.0 |  -nan |  -nan | 100.0 |  67.6
               +-------+-------+-------+-------+-------+----------------------

Vault maps used:
D:1:      doesnt_arrival_eight_statues
D:2:      minmay_tetromino_o4, uniq_jessica
D:3:      first_bread, ecumenical_altar_1, uniq_natasha
D:4:      serial_shops, shop, st_stairs_5
D:5:      serial_shops, nicolae_shop_window_shopping, uniq_menkaure,
          uniq_grinder
